 Dungeon Crawl Stone Soup version 0.30-a0-2-gf48d83f5e2 (webtiles) character file.

Game seed: 16453021117919494183

186 KleinerIrrer the Insei (level 5, -4/38 (39) HPs)
             Began as a Demigod Transmuter on Aug 19, 2022.
             Slain by Crazy Yiuf
             ... wielding a +3 quarterstaff of chaos
              (6 damage)
             ... on level 3 of the Dungeon.
             The game lasted 00:06:48 (3913 turns).

KleinerIrrer the Insei (Demigod Transmuter)         Turns: 3913, Time: 00:06:52

HP:   -4/38 (39)    AC:  4    Str: 11    XL:     5   Next: 15%
MP:   7/10          EV: 12    Int: 15    God:
Gold: 166           SH:  0    Dex: 18    Spells: 4/7 levels left

rFire   . . .      SeeInvis .      - Unarmed
rCold   . . .      Faith    .    (no shield)
rNeg    . . .      Spirit   .    p - +0 leather armour
rPois   .          Reflect  .    (helmet currently unavailable)
rElec   .          Harm     .    (no cloak)
rCorr   .          Rampage  .    f - +0 pair of gloves
Will    .....                    (boots currently unavailable)
Stlth   +.........               (no amulet)
HPRegen 0.12/turn                (no ring)
MPRegen 0.12/turn                (no ring)

@: lethally poisoned (-4 -> -21), appendages, wereblooded, lightly drained
A: horns 2, talons 2, high MP 1, forlorn, divine attributes
a: End Transformation


You were on level 3 of the Dungeon.
You had temporarily grown beastly horns and talons.
You visited 1 branch of the dungeon, and saw 3 of its levels.

You collected 166 gold pieces.

Inventory:

Missiles
 g - 43 stones
 i - 5 datura-tipped darts
Armour
 b - a +2 helmet (melded)
 f - a +0 pair of gloves (worn)
 p - a +0 leather armour (worn)
 r - a +0 kite shield
Magical Staves
 n - a staff of death
Jewellery
 j - a +6 ring of intelligence
 s - a ring of protection from cold
 w - an amulet of guardian spirit
 x - an amulet of magic regeneration
Scrolls
 a - a scroll of enchant armour {unknown}
 c - a scroll of enchant weapon {unknown}
 h - 3 scrolls of poison
 l - a scroll of magic mapping {unknown}
 m - a scroll of torment {unknown}
 o - a scroll of vulnerability {unknown}
 q - a scroll of teleportation {unknown}
Potions
 d - 2 potions of degeneration
 e - a potion of invisibility
 t - 2 potions of heal wounds
 u - a potion of ambrosia
 v - a potion of might {unknown}
 z - a potion of brilliance {unknown}
 A - a potion of flight {unknown}


   Skills:
 - Level 0.8 Fighting
 - Level 1.7 Dodging
 + Level 5.0 Unarmed Combat
 - Level 1.7 Spellcasting
 - Level 3.0 Transmutations


You had 4 spell levels left.
You knew the following spells:

 Your Spells              Type           Power      Damage    Failure   Level
a - Beastly Appendage     Tmut           20%        N/A       9%          1
b - Wereblood             Tmut           10%        N/A       13%         2

Your spell library contained the following spells:

 Spells                   Type           Power      Damage    Failure   Level
 Necrotise                Necr           4%         1d4       30%         1
 Spider Form              Tmut/Pois      5%         N/A       43%         3
 Vampiric Draining        Necr           1%         2d6       65%         3
 Ice Form                 Ice/Tmut       5%         N/A       85%         4
 Agony                    Necr           1%         N/A       100%        5


Dungeon Overview and Level Annotations

Branches:
Dungeon (3/15)

Annotations:
D:3 2 transporters, Crazy Yiuf; Zgarb's ghost, amateur VSIE


Innate Abilities, Weirdness & Mutations

You have temporarily grown beastly horns and talons.
You have an increased reservoir of magic. (+10% MP)
You shall have no god before yourself.
Your divine heritage dramatically boosts your attributes as you level up.


Message History

Crazy Yiuf laughs, "Paint arga illywillydillykilly!"
Crazy Yiuf yells, "Key turtle green!"
Done waiting.
Casting: Beastly Appendage (safe; 9% risk of failure)
Confirm with . or Enter, or press ? or * to list all spells.
You miscast Beastly Appendage.
You are very lightly contaminated with residual magic.
Nothing appears to happen.
Casting: Beastly Appendage (safe; 9% risk of failure)
Confirm with . or Enter, or press ? or * to list all spells.
Your blood is infused with primal strength.
Casting: Wereblood (safe; 13% risk of failure)
Confirm with . or Enter, or press ? or * to list all spells.
You grow a pair of large bovine horns.
Your feet morph into talons.
Your +2 helmet melds into your body.
You open the door. You hit Crazy Yiuf. You headbutt Crazy Yiuf.
Crazy Yiuf is heavily wounded.
You hit Crazy Yiuf.
You headbutt Crazy Yiuf, but do no damage.
Crazy Yiuf is heavily wounded.
Crazy Yiuf closely misses you.
You closely miss Crazy Yiuf.
Crazy Yiuf is heavily wounded.
Crazy Yiuf flaps his cloak.
Crazy Yiuf hits you with a +3 quarterstaff of chaos!
You feel drained.
You hit Crazy Yiuf but do no damage. Your kick misses Crazy Yiuf.
Crazy Yiuf is heavily wounded.
Crazy Yiuf hits you with a +3 quarterstaff of chaos!
You are lethally poisoned!
Your magical contamination has completely faded away.
You completely miss Crazy Yiuf.
Crazy Yiuf is heavily wounded.
You feel very sick.
Crazy Yiuf twirls on the spot.
Crazy Yiuf hits you with a +3 quarterstaff of chaos!
* * * LOW HITPOINT WARNING * * *
Space warps around you.
You die...

.....^..'.......###########
'#####.##.................#
.#####.##.......#########.#
.#.....########## #.#
.#.##### #.## >..# #..#
#### ### ♣♣###.# #)))#♣♣
♣♣.....# ########
#.))g@♣♣♣♣PP....# .......#
#)))#♣))♣).....## ######.#
### ♣♣♣)♣)...## #.#
♣♣♣♣♣### ######.# .......#
########


You could see Crazy Yiuf.

Vanquished Creatures
  Natasha (D:2)
  Robin (D:2)
  A gnoll (D:2)
  6 adders
  3 worms
  3 dart slugs
  An orc (D:3)
  3 bats
  8 endoplasms
  2 giant cockroaches
  10 goblins
  7 hobgoblins
  4 jackals (D:2)
  2 quokkas (D:2)
  3 ball pythons
  A frilled lizard (D:3)
  7 kobolds
  9 rats
72 creatures vanquished.

Vanquished Creatures (others)
  2 fungi (D:1)
  A plant (D:1)
3 creatures vanquished.

Grand Total: 75 creatures vanquished

Notes
Turn   | Place    | Note
-------+----------+-------------------------------------------
     0 | D:1      | KleinerIrrer the Demigod Transmuter began the quest for the
                  | Orb.
     0 | D:1      | Reached XP level 1. HP: 15/15 MP: 5/5
   129 | D:1      | Reached skill level 3 in Unarmed Combat
   341 | D:1      | Reached XP level 2. HP: 16/22 MP: 4/7
  1475 | D:2      | Learned a level 2 spell: Wereblood
  1492 | D:2      | Reached XP level 3. HP: 20/27 MP: 6/8
  1611 | D:2      | Noticed Robin
  1640 | D:2      | Killed Robin
  2051 | D:2      | Reached XP level 4. HP: 26/34 MP: 7/9
  2164 | D:2      | Reached skill level 4 in Unarmed Combat
  2251 | D:2      | Noticed Natasha
  2264 | D:2      | Killed Natasha
  3016 | D:3      | Reached XP level 5. HP: 39/39 MP: 6/10
  3256 | D:3      | Reached skill level 5 in Unarmed Combat
  3283 | D:3      | Noticed Zgarb's ghost (amateur VSIE)
  3285 | D:3      | Found a transporter.
  3285 | D:3      | Noticed an ogre
  3285 | D:3      | Noticed an ogre
  3329 | D:3      | Found a transporter.
  3501 | D:3      | Found a runed translucent door.
  3502 | D:3      | Noticed Crazy Yiuf
  3913 | D:3      | Slain by Crazy Yiuf

Illustrated notes

Levels and vault maps discovered:
D:1:      minmay_arrival_arboretum_small, layout_loops_ring,
          shapermc_ecumenical_altar_petra
D:2:      layout_rooms, hangedman_abyss_or_decor_stabs,
          minmay_randomly_rotated_circles, uniq_robin, uniq_natasha
D:3:      minmay_octagon_keep, layout_basic, lemuel_doored_altar,
          nicolae_vehumet_altar_sigil, gammafunk_ghost_smash,
          kennysheep_generic_room_2, uniq_crazy_yiuf_cottage

Skill      XL: |  1  2  3  4  5 |
---------------+----------------+-----
Transmutations | 2 3 |  3.0
Unarmed Combat | 3 4 5 |  5.0
Fighting       | |  0.8
Dodging        | |  1.7
Spellcasting   | |  1.7

Action                   |  1- 3 |  4- 6 || total
-------------------------+-------+-------++-------
Melee: Unarmed           |   119 |    84 ||   203
       Kick              |    21 |    22 ||    43
       Headbutt          |    17 |    10 ||    27
       Punch             |     5 |       ||     5
 Cast: Beastly Appendage |    20 |    20 ||    40
       Wereblood         |       |     4 ||     4
  Use: Potion            |     1 |       ||     1
       Scroll            |       |     5 ||     5
 Stab: Sleeping          |     1 |     1 ||     2
Armor: Robe              |     5 |       ||     5
       Leather armour    |     9 |    12 ||    21
       Skin              |    21 |       ||    21
Dodge: Dodged            |    47 |    46 ||    93

Table legend: (Time is in decaauts)
 A = Elapsed time spent in this place.
 B = Non-inter-level travel time spent in this place.
 C = Inter-level travel time spent in this place.
 D = Time resting spent in this place.
 E = Time spent auto-exploring this place.
 F = Levels seen in this place.
 G = Mean time per level.
                   A        B        C        D        E       F      G
               +--------+--------+--------+--------+--------+-----+--------+
         Total |   3902 |   3746 |    156 |    338 |   2929 |   3 | 1300.7 |
       Dungeon |   3902 |   3746 |    156 |    338 |   2929 |   3 | 1300.7 |
               +--------+--------+--------+--------+--------+-----+--------+

Top non-repeatable levels by time:
     D:2: 1451 daAuts
     D:3: 1235 daAuts
     D:1: 1216 daAuts
